 Dungeon Crawl Stone Soup version 0.29.1-4-g47bece8355 (webtiles) character file.

Game seed: 10135842672096485380

14 DominarK the Grave Robber (level 2, 0/20 HPs)
             Began as a Ghoul Necromancer on Dec 2, 2022.
             Slain by a ball python (1 damage)
             ... on level 1 of the Dungeon.
             The game lasted 00:04:43 (466 turns).

DominarK the Grave Robber (Ghoul Necromancer)        Turns: 466, Time: 00:04:43

Health: 0/20       AC:  3    Str: 11    XL:     2   Next: 45%
Magic:  1/3        EV: 11    Int: 10    God:
Gold:   0          SH:  0    Dex:  9    Spells: 3/4 levels left

rFire   . . .      SeeInvis .   (no weapon)
rCold   + . .      Faith    .   (no shield)
rNeg    + + +      Spirit   .   c - +0 leather armour
rPois   ∞          Reflect  .   (no helmet)
rElec   .          Harm     .   (no cloak)
rCorr   .          Rampage  .   (no gloves)
Will    .....                   (no boots)
Stlth   ++........              (no amulet)
HPRegen 0.00/turn               (no ring)
MPRegen 0.08/turn               (no ring)

@: inhibited regen
A: claws 1, cold resistance 1, negative energy resistance 3, inhibited
regeneration, torment resistance 2, devour on kill
a: no special abilities


You were on level 1 of the Dungeon.
You visited 1 branch of the dungeon, and saw 1 of its levels.

Inventory:

Missiles
 d - 6 boomerangs
Armour
 a - a +0 robe
 c - a +0 leather armour (worn)
Jewellery
 e - an amulet of the acrobat
Potions
 b - a potion of magic


   Skills:
 + Level 1.8 Dodging
 + Level 2.3 Stealth
 + Level 1.9 Spellcasting
 + Level 4.4 Necromancy


You had 3 spell levels left.
You knew the following spells:

 Your Spells              Type           Power      Damage    Failure   Level
a - Necrotise             Necr           36%        1d5       7%          1

Your spell library contained the following spells:

 Spells                   Type           Power      Damage    Failure   Level
 Vampiric Draining        Necr           9%         2d6       21%         3
 Animate Dead             Necr           9%         N/A       56%         4
 Agony                    Necr           9%         N/A       88%         5


Dungeon Overview and Level Annotations

Branches:
Dungeon (1/15)

Altars:


Innate Abilities, Weirdness & Mutations

You are immune to poison.
You have sharp fingernails.
Your flesh is cold resistant. (rC+)
You are immune to negative energy. (rN+++)
You do not regenerate when monsters are visible.
You are immune to unholy pain and torment.
You thrive by killing the living.


Message History

The floor.
You closely miss the ball python.
The ball python is moderately wounded.
The ball python barely misses you. The ball python constricts you.
* * * LOW HITPOINT WARNING * * *
Casting: Necrotise (safe; 7% risk of failure)
Confirm with . or Enter, or press ? or * to list all spells.
Aiming: Necrotise (safe; 7% risk of failure)
Press: ? - help, Shift-Dir - straight line, f - ball python
Aim: a ball python (moderately wounded, constricting you, chance to affect: 76%)
The ball python writhes in agony.
The ball python misses you. The ball python constricts you.
* * * LOW HITPOINT WARNING * * *
Casting: Necrotise (safe; 7% risk of failure)
Confirm with . or Enter, or press ? or * to list all spells.
Aiming: Necrotise (safe; 7% risk of failure)
Press: ? - help, Shift-Dir - straight line, f/p - ball python
Aim: a ball python (severely wounded, constricting you, chance to affect: 76%)
The ball python writhes in agony.
You kill the ball python!
The dead are slithering! 2 ball pythons come into view.
There is a faded altar of an unknown god here.
The ball python hisses angrily.
You see here an amulet of the acrobat.
Your ball python skeleton bites the ball python.
Your ball python skeleton grabs the ball python.
Your ball python skeleton constricts the ball python.
The ball python dies!
You swap places.
You see here a ball python corpse.
You see here an amulet of the acrobat.
e - an amulet of the acrobat The ball python misses you.
The ball python closely misses you.
Your ball python skeleton bites the ball python.
Your ball python skeleton closely misses the ball python.
You completely miss the ball python.
The ball python is moderately wounded.
The ball python bites you.
You die...

#. ## ## #. ##. .##
.# ##..## #..## ..
#....###S...# ### #.
#..@#...# ##.###.
##.ZS..# ####...##.
##._.## #.........
#.....####.##...##.
#...#...#.#.###.###.
#....###......# ###
#. ##..# ##..#### ..
##. #..## )# #.
#.### #.


You could see a ball python (ally target) and a friendly ball python skeleton.

Vanquished Creatures
  3 ball pythons (D:1)
  2 goblins (D:1)
  3 hobgoblins (D:1)
  A kobold (D:1)
  A rat (D:1)
10 creatures vanquished.

Vanquished Creatures (collateral kills)
  A goblin (D:1)
  A ball python (D:1)
2 creatures vanquished.

Grand Total: 12 creatures vanquished

Notes
Turn   | Place    | Note
-------+----------+-------------------------------------------
     0 | D:1      | DominarK the Ghoul Necromancer began the quest for the Orb.
     0 | D:1      | Reached XP level 1. HP: 14/14 MP: 2/2
   247 | D:1      | Reached XP level 2. HP: 8/20 MP: 1/3
   443 | D:1      | Found a faded altar of an unknown god.
   454 | D:1      | HP: 1/20 [constriction (1)]
   466 | D:1      | Slain by a ball python

Illustrated notes

Levels and vault maps discovered:
D:1:      dpeg_arrival_simpleton_b, layout_loops_corners,
          nicolae_ecumenical_snake_handling

Action                   || total
-------------------------++-------
Melee: Unarmed           ||    24
 Cast: Necrotise         ||    14
  Use: Scroll            ||     1
Armor: Robe              ||     5
       Leather armour    ||     2
Dodge: Dodged            ||    18
